AoeStats
← Animal Mother

Black Forest

507011081Analyzed
4v4 RM · 17d ago on Sep 16, 2026· 44m 41s· 8 players
Game mode
Random Map
Map size
Large (8 player)
Population
200
Speed
Normal
Resources
Standard
Victory
Conquest
Starting age
Dark Age
Ending age
Imperial Age
RankedLock teamsTeams togetherTeam positionsShared explorationLock speedFull tech treeHidden civsTurbo modeCheats
Victory
Defeat
🇫🇷 Wei · France
948
+11
🇷🇴 Turks · Romania
917
+12
🇦🇺 Franks · Australia
752
+19
🇦🇺 Spanish · Australia
716
+19
🇺🇸 Celts · United States
845
-16
🇨🇴 Portuguese · Colombia
814
-15
🇺🇸 Ethiopians · United States
802
-15
🇳🇱 Bohemians · Netherlands
799
-15
Urmajesty2911
0:36 Loom
11:31 Feudal Age
12:47 Wheelbarrow
12:22 Double-Bit Axe
24:12 Castle Age
22:23 Stone Mining
24:37 Gold Mining
26:27 Bow Saw
25:59 Horse Collar
30:53 Hand Cart
32:41 Heavy Plow
35:04 Stone Shaft Mining
35:05 Gold Shaft Mining
40:06 Imperial Age
37:17 Pikeman
37:44 Arson
38:23 Scale Mail Armor
38:36 Forging
38:47 Caravan
38:50 Elite Skirmisher
39:51 Fletching
40:02 Padded Archer Armor
41:32 Furor Celtica
41:43 Conscription
41:49 Leather Archer Armor
41:29 Bodkin Arrow
41:51 Chain Mail Armor
42:11 Iron Casting
43:18 Ring Archer Armor
42:26 Halberdier
44:10 Plate Mail Armor
Animal Mother
3:18 Loom
17:21 Feudal Age
28:47 Castle Age
29:15 Horse Collar
40:51 Imperial Age
L3GAL
0:30 Loom
11:45 Feudal Age
12:20 Double-Bit Axe
12:19 Horse Collar
21:58 Castle Age
22:00 Gold Mining
22:05 Stone Mining
23:26 Heavy Plow
23:40 Bow Saw
25:13 Wheelbarrow
25:18 Fervor
26:38 Caravan
27:04 Pikeman
28:11 Hand Cart
28:52 Sanctity
28:29 Herbal Medicine
29:12 Stone Shaft Mining
30:33 Town Watch
32:07 Ballistics
31:44 Murder Holes
31:31 Treadmill Crane
36:05 Imperial Age
34:08 Coinage
34:45 Padded Archer Armor
34:37 Fletching
34:59 Forging
34:49 Scale Mail Armor
34:38 Arson
36:15 Town Patrol
38:02 Chemistry
38:25 Two-Man Saw
37:58 Crop Rotation
37:44 Leather Archer Armor
37:25 Bodkin Arrow
37:00 Halberdier
37:13 Elite Skirmisher
37:59 Thumb Ring
38:35 Block Printing
39:06 Arquebus
39:29 Conscription
38:39 Sappers
41:21 Chain Mail Armor
41:42 Iron Casting
41:37 Ring Archer Armor
41:08 Bracer
42:13 Elite Organ Gun
nel
0:49 Loom
13:53 Feudal Age
14:35 Double-Bit Axe
14:32 Horse Collar
22:06 Castle Age
22:02 Forging
23:06 Bow Saw
23:08 Caravan
23:34 Heavy Plow
25:01 Wheelbarrow
26:11 Hand Cart
28:37 Iron Casting
28:47 Fletching
28:58 Padded Archer Armor
29:46 Treadmill Crane
30:18 Fortified Wall
31:28 Scale Mail Armor
35:30 Imperial Age
32:46 Pikeman
35:21 Chemistry
35:47 Wagenburg Tactics
37:51 Two-Man Saw
37:24 Squires
37:10 Halberdier
40:29 Blast Furnace
39:59 Siege Engineers
40:47 Houfnice
42:09 Chain Mail Armor
43:10 Masonry
42:56 Murder Holes
43:34 Plate Mail Armor
45:01 Architecture
WaRe MPaSsioN
0:29 Loom
15:47 Feudal Age
20:29 Horse Collar
20:38 Double-Bit Axe
20:46 Gold Mining
20:49 Stone Mining
30:26 Castle Age
34:18 Town Watch
35:11 Wheelbarrow
35:01 Heavy Plow
35:15 Bow Saw
35:42 Gold Shaft Mining
35:49 Stone Shaft Mining
41:33 Ballistics
41:53 Guard Tower
42:03 Murder Holes
42:15 Tuntian
43:09 Bloodlines
roLynxLynx
7:41 Loom
11:46 Feudal Age
13:04 Double-Bit Axe
17:47 Castle Age
20:30 Bow Saw
21:28 Horse Collar
22:48 Heavy Plow
23:00 Stone Mining
24:35 Wheelbarrow
29:30 Imperial Age
28:38 Gold Mining
29:35 Ballistics
29:25 Masonry
30:36 Conscription
31:50 Hand Cart
32:44 Artillery
33:29 Town Watch
35:39 Hoardings
34:32 Elite Janissary
36:30 Two-Man Saw
35:59 Masonry
37:56 Architecture
37:08 Treadmill Crane
38:15 Town Patrol
JR125941
15:25 Feudal Age
22:59 Castle Age
22:01 Scale Barding Armor
22:07 Forging
23:52 Double-Bit Axe
25:41 Iron Casting
25:40 Husbandry
34:31 Imperial Age
32:26 Bow Saw
34:21 Gold Mining
34:22 Stone Mining
35:02 Cavalier
36:06 Chain Barding Armor
37:29 Wheelbarrow
37:49 Conscription
38:15 Gold Shaft Mining
39:59 Chivalry
samaffleck1
13:38 Feudal Age
14:25 Horse Collar
14:35 Double-Bit Axe
20:37 Castle Age
19:02 Gold Mining
19:02 Stone Mining
23:12 Wheelbarrow
23:12 Bow Saw
23:47 Caravan
24:30 Wheelbarrow
24:26 Heavy Plow
27:14 Padded Archer Armor
27:52 Stone Shaft Mining
29:20 Hand Cart
29:32 Man-at-Arms
29:32 Pikeman
29:58 Arson
30:13 Squires
35:39 Imperial Age
35:48 Imperial Age
34:39 Forging
34:45 Leather Archer Armor
34:31 Scale Mail Armor
34:53 Ballistics
38:35 Chemistry
37:43 Husbandry
37:54 Bloodlines
37:05 Cavalier
37:09 Elite Conquistador
38:11 Conscription
37:14 Long Swordsman
37:15 Pikeman
37:56 Squires
37:41 Gambesons
38:34 Ring Archer Armor
37:55 Fletching
38:41 Iron Casting
38:21 Chain Mail Armor
38:34 Two-Handed Swordsman
41:06 Two-Man Saw
42:39 Blast Furnace
41:54 Chain Mail Armor
42:24 Paladin
Connection lost

Rejoining the realm…

Still unreachable

The connection could not be restored.

Session expired

The server has moved on; the page needs a fresh start.